 Dungeon Crawl Stone Soup version 0.23.2 (webtiles) character file.

Game seed: 1413699667030895799

72 myga the Slasher (level 4, -2/35 HPs)
             Began as a Human Berserker on Apr 7, 2019.
             Was a Believer of Trog.
             Killed from afar by an orc wizard (9 damage)
             ... with a puff of frost
             ... on level 3 of the Dungeon.
             The game lasted 00:08:03 (2573 turns).

myga the Slasher (Human Berserker)                  Turns: 2573, Time: 00:08:03

Health: -2/35      AC:  7    Str: 15 (17) XL:     4   Next: 48%
Magic:  4/4        EV:  2    Int:  7 (8)  God:    Trog [**....]
Gold:   94         SH: 11    Dex: 12 (15) Spells: 3/3 levels left

rFire    . . .     SeeInvis .   a - +0 falchion
rCold    . . .     Gourm    .   t - +0 large shield
rNeg     . . .     Faith    .   f - +0 chain mail
rPois    .         Spirit   .   (no helmet)
rElec    .         Reflect  .   j - +1 cloak
rCorr    .         Harm     .   (no gloves)
MR       .....                  (no boots)
Stlth    ..........             (no amulet)
HPRegen  0.11/turn              (no ring)
MPRegen  0.09/turn              (no ring)

@: berserk cooldown, starving, slowed, very slow
A: thin skeletal structure 1, deformed body
a: Berserk, Trog's Hand, Renounce Religion


You were on level 3 of the Dungeon.
You worshipped Trog.
Trog was pleased with you.
You were starving.

You visited 1 branch of the dungeon, and saw 3 of its levels.

You collected 94 gold pieces.

Inventory:

Hand Weapons
 a - a +0 falchion (weapon)
 n - a +0 hunting sling
Missiles
 d - 7 bolts
 g - 27 sling bullets
 h - 36 stones (quivered)
 p - 28 arrows
Armour
 b - a +0 animal skin
 f - a +0 chain mail (worn)
 j - a +1 cloak (worn)
 t - a +0 large shield (worn)
Wands
 k - a wand of random effects (18)
Scrolls
 e - 3 scrolls of fear
 o - a scroll of identify {unknown}
 r - a scroll of enchant armour
Potions
 s - a potion of brilliance {unknown}
Comestibles
 c - 4 rations


   Skills:
 + Level 3.3 Fighting
 + Level 4.0 Long Blades
 + Level 0.9 Throwing
 + Level 2.5 Armour
 + Level 2.1 Dodging
 + Level 0.5 Shields


You had 3 spell levels left.
You didn't know any spells.
Your spell library was empty.

Dungeon Overview and Level Annotations

Branches:
Dungeon (3/15)

Altars:


Innate Abilities, Weirdness & Mutations

You have a somewhat thin skeletal structure. (Dex +2, Stealth)
Armour fits poorly on your strangely shaped body.


Message History

The orc wizard looks braver for a moment.
It was a potion of curing.
You feel better. You block the orc's attack.
The orc shouts!
You hit the orc.
You kill the orc!
Trog accepts your kill. The orc hits you with a +0 war axe!
* * * LOW HITPOINT WARNING * * *
It was a potion of mutation.
You feel extremely strange.
Your body twists and deforms.
Your bones become slightly less dense.
The orc barely misses you.
You hit the orc but do no damage.
The orc wizard mumbles some strange words.
The orc wizard seems to speed up.
The orc hits you but does no damage. You block the orc wizard's attack.
The orc wizard mumbles some strange words.
The orc wizard seems to speed up.
The orc wizard points at you and mumbles some strange words.
The puff of frost hits you!
You die...

####### #######
#.....# .....#
#.....# #...#
#.....### #...#
#........
#@oo#####........
#..<[.oooo.......
#...#Kgwo........
#...#####)(......
#...# ###......
#...# ##.#..
##### ... .. .


You could see a worm, 2 orc wizards, 4 orcs, a goblin and a kobold.

Vanquished Creatures
  An orc priest (D:3)
  An adder (D:2)
  A leopard gecko (D:2)
  An orc (D:3)
  A ball python (D:2)
  2 bats
  3 giant cockroaches
  3 goblins
  5 hobgoblins (D:2)
  5 kobolds
  2 frilled lizards (D:1)
  4 rats
29 creatures vanquished.

Notes
Turn   | Place    | Note
-------+----------+-------------------------------------------
     0 | D:1      | myga the Human Berserker began the quest for the Orb.
     0 | D:1      | Reached XP level 1. HP: 18/18 MP: 1/1
   638 | D:1      | Reached XP level 2. HP: 23/24 MP: 2/2
  1507 | D:2      | Reached XP level 3. HP: 29/29 MP: 3/3
  2204 | D:2      | Reached ** piety under Trog
  2558 | D:3      | Reached skill level 4 in Long Blades
  2558 | D:3      | Reached XP level 4. HP: 21/35 MP: 4/4
  2570 | D:3      | Gained mutation: Armour fits poorly on your strangely
                  | shaped body. [potion of mutation]
  2570 | D:3      | Gained mutation: You have a somewhat thin skeletal
                  | structure. (Dex +2, Stealth) [potion of mutation]
  2573 | D:3      | Killed from afar by an orc wizard

Skill      XL: |  1  2  3 |
---------------+----------+-----
Long Blades    | 4 |  4.0
Fighting       | |  3.3
Throwing       | |  0.9
Armour         | |  2.5
Dodging        | |  2.1
Shields        | |  0.5

Action                   |  1- 3 |  4- 6 || total
-------------------------+-------+-------++-------
Melee: Falchion          |   166 |     5 ||   171
Throw: Stone             |    36 |       ||    36
Invok: Berserk           |     1 |       ||     1
  Use: Scroll            |     4 |       ||     4
       Potion            |       |     3 ||     3
  Eat: Chunk             |     4 |       ||     4
Armor: Chain mail        |    63 |     4 ||    67
Dodge: Dodged            |    30 |     3 ||    33
Block: Large shield      |    22 |     6 ||    28
       Rpst.: Falchion   |     9 |     1 ||    10
